[Event "Dutch Meesterklasse 2024-25"]
[Site "Netherlands"]
[Date "2024.11.09"]
[Round "3.2"]
[White "Kerigan, Demre"]
[Black "Labruyere, Roger"]
[Result "1-0"]
[ECO "B52"]
[WhiteElo "2352"]
[BlackElo "2280"]
[Annotator "RC"]
[PlyCount "101"]
[EventDate "2024.09.21"]
[EventType "team-tourn"]
[EventCountry "NED"]
[SourceTitle "playchess.com"]
[Source "ChessBase"]
[SourceQuality "1"]
[TimeControl "40/5400+30:1800+30"]

1. e4 c5 2. Nf3 d6 3. Bb5+ Bd7 4. Bxd7+ Nxd7 5. O-O Ngf6 6. Re1 e6 7. c3 Be7 8. d4 O-O 9. h3 cxd4 10. cxd4 d5 11. e5 Ne4 12. Nbd2 Nxd2 13. Bxd2 Nb6 14. b3 Qd7 15. a4 Rac8 16. Re3 Rc6 17. Ne1 f5 18. Nd3 Na8 19. Rg3 Kh8 20. h4 Bxh4 21. Rh3 Bd8 22. Qh5 g6 23. Qxg6 Rg8 24. Qh5 Rc7 25. Rd1 Qe8 26. Nf4 Qxh5 27. Rxh5 Rc6 28. Bb4 Bg5 29. Nh3 Bd8 30. Bd6 Nc7 31. Nf4 Bg5 32. Rxg5 Rxg5 33. Bxc7 Rg4 34. Bd8 Rxf4 35. f3 h6 36. Kf2 Rc3 37. Ke2 Kh7 38. Rd3 Rc8 39. Bf6 Rf8 40. g3 Re4+ 41. fxe4 fxe4 42. Rc3 Rf7 43. Rc8 Kg6 44. Rg8+ Kh7 45. Re8 Rc7 46. Rxe6 Rc2+ 47. Kd1 Rb2 48. Re7+ Kg8 49. e6 Rf2 50. Rg7+ Kh8 51. Be5 1-0

[Event "Dutch Meesterklasse 2024-25"]
[Site "Netherlands"]
[Date "2024.11.09"]
[Round "3.3"]
[White "Ernst, Sipke"]
[Black "Smeets, Kobe"]
[Result "1-0"]
[ECO "A09"]
[WhiteElo "2519"]
[BlackElo "2327"]
[Annotator "RC"]
[PlyCount "109"]
[EventDate "2024.09.21"]
[EventType "team-tourn"]
[EventCountry "NED"]
[SourceTitle "playchess.com"]
[Source "ChessBase"]
[SourceQuality "1"]
[TimeControl "40/5400+30:1800+30"]

1. Nf3 d5 2. c4 c6 3. g3 Nf6 4. Bg2 dxc4 5. O-O Nbd7 6. Qc2 Nb6 7. Na3 g6 8. Nxc4 Nxc4 9. Qxc4 Bg7 10. Qc2 O-O 11. b3 a5 12. a3 a4 13. b4 Nd7 14. Bb2 e5 15. Rfd1 Qe7 16. d3 Nb6 17. Rdc1 Re8 18. Nd2 Bh6 19. e3 Bf5 20. Ne4 Nd7 21. Rab1 Be6 22. Bc3 Bg7 23. Nd2 Nb6 24. Qb2 Bg4 25. Ne4 Nd5 26. Be1 f5 27. Qa2 Kh8 28. Nc3 Nxc3 29. Bxc3 Rad8 30. h3 Bh5 31. b5 c5 32. Qc2 g5 33. Ba5 Rc8 34. b6 Qd7 35. Qc4 Be2 36. Qb5 Qxd3 37. Qb2 e4 38. Bc3 Re7 39. Bxg7+ Rxg7 40. Qe5 Qd7 41. Rxc5 Rxc5 42. Qxc5 h6 43. Rb4 Rf7 44. Rd4 Qe8 45. Rd6 Kh7 46. Qd4 Qe7 47. g4 Bf3 48. Bxf3 exf3 49. gxf5 Qf8 50. e4 Qc8 51. Kh2 Qc1 52. Rxh6+ Kxh6 53. Qh8+ Rh7 54. Qf6+ Kh5 55. Qg6+ 1-0

[Event "Dutch Meesterklasse 2024-25"]
[Site "Netherlands"]
[Date "2024.11.09"]
[Round "3.4"]
[White "Ten Hertog, Hugo"]
[Black "Maatman, Nick"]
[Result "1-0"]
[ECO "A04"]
[WhiteElo "2520"]
[BlackElo "2386"]
[Annotator "RC"]
[PlyCount "113"]
[EventDate "2024.09.21"]
[EventType "team-tourn"]
[EventCountry "NED"]
[SourceTitle "playchess.com"]
[Source "ChessBase"]
[SourceQuality "1"]
[TimeControl "40/5400+30:1800+30"]

1. Nf3 c5 2. g3 Nc6 3. Bg2 g6 4. O-O Bg7 5. c3 e5 6. d3 Nge7 7. a3 d5 8. b4 b6 9. Nbd2 O-O 10. Rb1 cxb4 11. axb4 Bb7 12. e4 Rc8 13. Bb2 Rc7 14. Qa4 Rd7 15. Nb3 Qc7 16. c4 dxe4 17. dxe4 a5 18. bxa5 Nxa5 19. Nxa5 bxa5 20. Nxe5 Rdd8 21. Qa1 Nc6 22. Nxg6 Bxb2 23. Qxb2 hxg6 24. Qxb7 Qxb7 25. Rxb7 Ne5 26. Rc1 Rd2 27. c5 Rc8 28. Bh3 Rc6 29. Rb6 a4 30. Rxc6 Nxc6 31. Ra1 Rd4 32. Bf1 Rb4 33. Bd3 Nd4 34. Rc1 a3 35. c6 Nxc6 36. Rxc6 a2 37. Rc1 Rb3 38. Ra1 Rxd3 39. Rxa2 Kg7 40. Kg2 g5 41. Kh3 f6 42. Kg4 Kg6 43. f3 Rd6 44. Ra5 Rb6 45. h4 gxh4 46. Kxh4 Rc6 47. Kg4 Rb6 48. Kf4 Rc6 49. g4 Rb6 50. g5 fxg5+ 51. Rxg5+ Kf6 52. e5+ Kf7 53. Kf5 Ra6 54. f4 Rb6 55. e6+ Kf8 56. Kf6 Rb7 57. e7+ 1-0

[Event "Dutch Meesterklasse 2024-25"]
[Site "Netherlands"]
[Date "2024.11.09"]
[Round "3.5"]
[White "Slagboom, Leandro"]
[Black "Ondersteijn, Niels"]
[Result "1-0"]
[ECO "E28"]
[WhiteElo "2345"]
[BlackElo "2357"]
[Annotator "RC"]
[PlyCount "35"]
[EventDate "2024.09.21"]
[EventType "team-tourn"]
[EventCountry "NED"]
[SourceTitle "playchess.com"]
[Source "ChessBase"]
[SourceQuality "1"]
[TimeControl "40/5400+30:1800+30"]

1. d4 Nf6 2. c4 e6 3. Nc3 Bb4 4. e3 O-O 5. a3 Bxc3+ 6. bxc3 Nc6 7. Bd3 e5 8. f3 Qe7 9. Ne2 e4 10. fxe4 Nxe4 11. O-O Na5 12. Qc2 f5 13. Rxf5 Rxf5 14. Bxe4 Rh5 15. Ng3 Qh4 16. Bd5+ Rxd5 17. cxd5 d6 18. Qa4 1-0

[Event "Dutch Meesterklasse 2024-25"]
[Site "Netherlands"]
[Date "2024.11.09"]
[Round "3.6"]
[White "Ootes, Lars"]
[Black "Hummel, Erik-Jan"]
[Result "1-0"]
[ECO "C19"]
[WhiteElo "2376"]
[BlackElo "2257"]
[Annotator "RC"]
[PlyCount "105"]
[EventDate "2024.09.21"]
[EventType "team-tourn"]
[EventCountry "NED"]
[SourceTitle "playchess.com"]
[Source "ChessBase"]
[SourceQuality "1"]
[TimeControl "40/5400+30:1800+30"]

1. e4 e6 2. d4 d5 3. Nc3 Bb4 4. e5 c5 5. a3 Bxc3+ 6. bxc3 Ne7 7. Qg4 O-O 8. Bd3 f5 9. exf6 Rxf6 10. Bg5 Nd7 11. Nf3 c4 12. Be2 Qa5 13. O-O Qxc3 14. Rfc1 Rg6 15. Nh4 Nf6 16. Qf4 Rxg5 17. Qxg5 Qxd4 18. Nf3 Qc5 19. c3 Ne4 20. Qh4 Bd7 21. Ne5 Ng6 22. Nxd7 Qd6 23. Qg4 Qxd7 24. Ra2 Rf8 25. Bf1 Ne5 26. Qd1 Qe7 27. f3 Nc5 28. Re2 Ncd3 29. Rcc2 Qxa3 30. Kh1 Qc5 31. Qd2 Rf6 32. Qg5 h6 33. Qh5 Qd6 34. Re3 Kh7 35. Qh4 Rf4 36. Qg3 g5 37. Rce2 b5 38. h3 Kg6 39. Ra2 Qb6 40. Bxd3+ Nxd3 41. Rae2 Kf6 42. Rxe6+ Qxe6 43. Rxe6+ Kxe6 44. h4 Rxh4+ 45. Kg1 b4 46. Qc7 bxc3 47. Qc6+ Ke5 48. Qc7+ Kd4 49. Qg7+ Ne5 50. Kf2 Re4 51. fxe4 Kxe4 52. Qh7+ Kd4 53. Qxa7+ 1-0

[Event "Dutch Meesterklasse 2024-25"]
[Site "Netherlands"]
[Date "2024.11.09"]
[Round "3.7"]
[White "Palchuk, Andrii"]
[Black "Kokje, Joris"]
[Result "1/2-1/2"]
[ECO "E62"]
[WhiteElo "2374"]
[BlackElo "2311"]
[Annotator "ChessBase"]
[PlyCount "111"]
[EventDate "2024.09.21"]
[EventType "team-tourn"]
[EventCountry "NED"]
[SourceTitle "playchess.com"]
[Source "ChessBase"]
[SourceQuality "1"]
[TimeControl "40/5400+30:1800+30"]

1. d4 Nf6 2. c4 g6 3. Nf3 Bg7 4. g3 d6 5. Bg2 O-O 6. O-O Nc6 7. Nc3 e5 8. d5 Ne7 9. e4 Ne8 10. Ne1 f5 11. Nd3 Nf6 12. exf5 Bxf5 13. f4 exf4 14. Nxf4 Qd7 15. Re1 h6 16. Ne6 Rf7 17. Nb5 Rc8 18. Nbd4 c5 19. dxc6 bxc6 20. Nxg7 Kxg7 21. Qd2 Rh8 22. b3 c5 23. Ne2 Nc6 24. Bb2 Ne5 25. Nf4 g5 26. Nd5 Nxd5 27. Qxd5 Re8 28. Rad1 Kh7 29. Bxe5 Rxe5 30. Rxe5 dxe5 31. Rf1 Bg6 32. Rxf7+ Qxf7 33. Qxc5 e4 34. Qd4 Qe7 35. Bf1 Bh5 36. Qe3 a5 37. c5 Qe5 38. c6 Bf3 39. Qa7+ Kg6 40. c7 Bg4 41. Qe3 Qxc7 42. Qxe4+ Bf5 43. Qd4 Qc1 44. g4 Bb1 45. Kf2 Qc2+ 46. Kg3 Qc7+ 47. Kh3 Qf4 48. Qxf4 gxf4 49. a3 Kg5 50. b4 axb4 51. axb4 Be4 52. Be2 Bc6 53. Bd1 Be4 54. Be2 Bc6 55. Bd1 Be4 56. Be2 1/2-1/2

[Event "Dutch Meesterklasse 2024-25"]
[Site "Netherlands"]
[Date "2024.11.09"]
[Round "3.8"]
[White "Van de Griendt, Jan Willem"]
[Black "Wempe, Joost"]
[Result "1-0"]
[ECO "E11"]
[WhiteElo "2366"]
[BlackElo "2248"]
[Annotator "RC"]
[PlyCount "87"]
[EventDate "2024.09.21"]
[EventType "team-tourn"]
[EventCountry "NED"]
[SourceTitle "playchess.com"]
[Source "ChessBase"]
[SourceQuality "1"]
[TimeControl "40/5400+30:1800+30"]

1. d4 Nf6 2. c4 e6 3. g3 d5 4. Nf3 Bb4+ 5. Bd2 Be7 6. Bg2 O-O 7. O-O c6 8. Qc2 b6 9. Rd1 Ba6 10. b3 Nbd7 11. a4 Rc8 12. a5 c5 13. axb6 Qxb6 14. Qa2 Bb7 15. b4 cxb4 16. c5 Nxc5 17. dxc5 Bxc5 18. Be1 Ne4 19. e3 a6 20. Nfd2 Nc3 21. Nxc3 bxc3 22. Nb3 Bb4 23. Na5 Ba8 24. Rdb1 Rc5 25. Nb3 Rc6 26. Nd4 Rc7 27. Qxa6 Qxa6 28. Rxa6 e5 29. Nc2 Be7 30. Ra5 d4 31. exd4 Bxg2 32. Kxg2 exd4 33. Nxd4 Bf6 34. Nc2 g6 35. Rab5 Kg7 36. Rb7 Rfc8 37. Rxc7 Rxc7 38. Kf3 h5 39. h4 g5 40. hxg5 Bxg5 41. Ke2 h4 42. gxh4 Bxh4 43. f3 Rd7 44. Bxc3+ 1-0

[Event "Dutch Meesterklasse 2024-25"]
[Site "Netherlands"]
[Date "2024.11.09"]
[Round "3.9"]
[White "Hilwerda, Jonas"]
[Black "Hommerson, Paul"]
[Result "1/2-1/2"]
[ECO "C54"]
[WhiteElo "2252"]
[BlackElo "2275"]
[Annotator "NA RC"]
[PlyCount "76"]
[EventDate "2024.09.21"]
[EventType "team-tourn"]
[EventCountry "NED"]
[SourceTitle "playchess.com"]
[Source "ChessBase"]
[SourceQuality "1"]
[TimeControl "40/5400+30:1800+30"]

1. e4 e5 2. Nf3 Nc6 3. Bc4 Bc5 4. c3 Nf6 5. d3 O-O 6. O-O d6 7. Re1 Ne7 8. h3 Ng6 9. d4 Bb6 10. Nbd2 exd4 11. cxd4 d5 12. exd5 Nxd5 13. Ne4 c6 14. Qb3 h6 15. Bd2 Nh4 16. Nc5 Nxf3+ 17. Qxf3 Bc7 18. Bxd5 cxd5 19. Bf4 Bxf4 20. Qxf4 b6 21. Nd3 Be6 22. Rac1 Rc8 23. Ne5 Qe7 24. a3 Qb7 25. b4 Rxc1 26. Rxc1 Rc8 27. b5 Rxc1+ 28. Qxc1 a6 29. Qf1 axb5 30. Qxb5 Qc7 31. Qc6 Qa7 32. Qe8+ Kh7 33. Qf8 Qc7 34. Qb4 Qc1+ 35. Kh2 Qf4+ 36. Kg1 Qc1+ 37. Kh2 Qf4+ 38. Kg1 Qc1+ 1/2-1/2

[Event "Dutch Meesterklasse 2024-25"]
[Site "Netherlands"]
[Date "2024.11.09"]
[Round "3.10"]
[White "Wemmers, Xander"]
[Black "Van der Hagen, Loek"]
[Result "1/2-1/2"]
[ECO "D38"]
[WhiteElo "2342"]
[BlackElo "2306"]
[Annotator "ChessBase"]
[PlyCount "103"]
[EventDate "2024.09.21"]
[EventType "team-tourn"]
[EventCountry "NED"]
[SourceTitle "playchess.com"]
[Source "ChessBase"]
[SourceQuality "1"]
[TimeControl "40/5400+30:1800+30"]

1. d4 Nf6 2. c4 e6 3. Nf3 d5 4. Nc3 Bb4 5. cxd5 exd5 6. Bg5 h6 7. Bh4 g5 8. Bg3 Ne4 9. Nd2 Nxg3 10. hxg3 c6 11. Qc2 Be6 12. O-O-O Qf6 13. e4 Bxc3 14. Qxc3 Qxf2 15. exd5 Bxd5 16. Bc4 Nd7 17. Rde1+ Kd8 18. Ne4 Bxe4 19. Rxe4 Kc7 20. Rhe1 Rad8 21. Re7 Rhf8 22. d5 Qc5 23. b4 Qd6 24. Bb3 Kb8 25. dxc6 bxc6 26. Rxf7 Rxf7 27. Bxf7 Nb6 28. a3 Rd7 29. Bb3 Kb7 30. Re6 Qc7 31. Rxh6 Rh7 32. Rg6 Rh1+ 33. Kb2 Rh7 34. Rxg5 Re7 35. a4 Qd7 36. a5 Nc8 37. Ba4 Re2+ 38. Ka3 Qe6 39. Rg7+ Kb8 40. Bb3 Qd6 41. Qf3 Re5 42. Qf4 Rxa5+ 43. Kb2 Re5 44. Rd7 Qxd7 45. Qxe5+ Kb7 46. Qf4 Qd3 47. g4 Nd6 48. g5 Nb5 49. Qf7+ Kb6 50. Qf2+ Kb7 51. Qf7+ Kb6 52. Qf2+ 1/2-1/2

[Event "Dutch Meesterklasse 2024-25"]
[Site "Netherlands"]
[Date "2024.11.23"]
[Round "4.5"]
[White "Kunin, Vitaly"]
[Black "Nijboer, Friso"]
[Result "1/2-1/2"]
[ECO "E73"]
[WhiteElo "2537"]
[BlackElo "2444"]
[Annotator "RC"]
[PlyCount "188"]
[EventDate "2024.09.21"]
[EventType "team-tourn"]
[EventCountry "NED"]
[SourceTitle "playchess.com"]
[Source "ChessBase"]
[SourceQuality "1"]
[TimeControl "40/5400+30:1800+30"]

1. d4 Nf6 2. c4 g6 3. Nc3 Bg7 4. e4 d6 5. Be2 O-O 6. Be3 c5 7. dxc5 Qa5 8. f3 dxc5 9. e5 Ne8 10. f4 Nc6 11. Nf3 Be6 12. O-O Rd8 13. Nd5 Rd7 14. Qb3 Nc7 15. Nxc7 Rxc7 16. Rad1 f6 17. Bf2 Qb4 18. Qxb4 Nxb4 19. a3 Nc6 20. exf6 Bxf6 21. Bxc5 Na5 22. Bxa7 Nxc4 23. Nd4 Bf7 24. Nb5 Rcc8 25. b3 Nb2 26. Rd2 Rfd8 27. Bd4 Be8 28. Rxb2 Rxd4 29. Ra2 Re4 30. Bc4+ Kg7 31. a4 Bxb5 32. axb5 Bd4+ 33. Kh1 b6 34. g3 Bc5 35. Rd1 Rd4 36. Rxd4 Bxd4 37. Re2 Bc5 38. Kg2 Rd8 39. Kf3 Kf8 40. h4 Ra8 41. h5 gxh5 42. Rh2 Kg7 43. Rxh5 h6 44. Re5 Bd6 45. Re2 Rf8 46. Ke4 Rf6 47. Ra2 Bc5 48. Bd5 Rg6 49. Kf3 Rd6 50. Bc4 Rd8 51. Kg4 Bb4 52. Re2 Rf8 53. Re4 Bd6 54. Bd5 Rf6 55. Ra4 Bc5 56. Ra7 Rf8 57. Kf3 Kf6 58. Rc7 Rd8 59. Ke4 Bf2 60. g4 e6 61. Bc4 Bc5 62. Kf3 Rd4 63. Rc6 Bd6 64. Ke3 Rd1 65. Ke2 Rd4 66. Rxb6 Ke7 67. Rb7+ Kf6 68. Rd7 Bc5 69. Rc7 Bd6 70. Rc6 Bxf4 71. Rxe6+ Kg5 72. Kf3 Rd6 73. Re7 Rf6 74. Rg7+ Kh4 75. Ke4 Bg5 76. Ke5 Rf8 77. Rf7 Rxf7 78. Bxf7 Kxg4 79. b6 Kf3 80. b4 Ke3 81. b7 Bf4+ 82. Kd5 Kd3 83. b5 Kc3 84. Kc5 Bg3 85. Bh5 Kb3 86. Bd1+ Ka3 87. Kb6 Kb4 88. Be2 Bb8 89. Kc6 Ka5 90. Kd7 Kb6 91. Kc8 Bf4 92. b8=Q+ Bxb8 93. Kxb8 h5 94. Bxh5 Kxb5 1/2-1/2